 Dungeon Crawl Stone Soup version 0.28.0-1-gb440e238dd (webtiles) character file.

Game seed: 8438228592495219819

6412 Sanktem7 the Cleaver (level 10, -5/93 HPs)
             Began as a Minotaur Fighter on Feb 23, 2022.
             Was a Believer of Trog.
             Slain by an orc (6 damage)
             ... on level 7 of the Dungeon.
             The game lasted 00:12:39 (8202 turns).

Sanktem7 the Cleaver (Minotaur Fighter)             Turns: 8202, Time: 00:12:41

Health: -5/93      AC: 16    Str: 31    XL:     10   Next: 66%
Magic:  0/9        EV:  9    Int:  5    God:    Trog [**....]
Gold:   331        SH:  4    Dex: 10    Spells: 9/9 levels left

rFire   . . .      SeeInvis .   x - +5 hand axe
rCold   + . .      Faith    .   c - +0 buckler
rNeg    . . .      Spirit   +   b - +1 chain mail {rC+}
rPois   .          Reflect  .   (helmet restricted)
rElec   .          Harm     .   q - +0 cloak
rCorr   .          Rampage  .   (no gloves)
Will    .....                   o - +1 pair of boots
Stlth   ..........              g - amulet of guardian spirit
HPRegen 0.25/turn               v - +6 ring of strength
MPRegen 0.11/turn               (no ring)

@: lethally poisoned (-5 -> -11), about to teleport
A: horns 2, retaliatory headbutt
a: Renounce Religion, Berserk, Trog's Hand


You were on level 7 of the Dungeon.
You worshipped Trog.
Trog was pleased with you.
You visited 1 branch of the dungeon, and saw 7 of its levels.

You collected 331 gold pieces.

Inventory:

Hand Weapons
 x - a +5 hand axe (weapon)
Missiles
 n - a throwing net (quivered)
Armour
 b - a +1 chain mail of cold resistance (worn)
 c - a +0 buckler (worn)
 o - a +1 pair of boots (worn)
 q - a +0 cloak (worn)
 s - a +0 chain mail
Jewellery
 g - an amulet of guardian spirit (around neck)
 r - a ring of protection from fire
 v - a +6 ring of strength (left hand)
Wands
 u - a wand of flame (17)
 w - a wand of iceblast (3)
Scrolls
 a - a scroll of vulnerability {unknown}
 e - 2 scrolls of identify
 h - a scroll of teleportation
 i - a scroll of enchant armour
 l - a scroll of amnesia
 t - 4 scrolls of fog
Potions
 d - a potion of might
 f - a potion of ambrosia
 j - a potion of heal wounds {unknown}
 k - 2 potions of brilliance
 m - 2 potions of flight
 p - a potion of magic {unknown}


   Skills:
 * Level 10.2 Fighting
 * Level 13.6 Axes
 + Level 10.1 Armour
 + Level 3.2 Dodging
 - Level 3.8 Shields


You had 9 spell levels left.
You didn't know any spells.
Your spell library was empty.

Dungeon Overview and Level Annotations

Branches:
Dungeon (8/15)               Lair (0/6) D:8
 Temple: D:4-7

Altars:
Cheibriados
Gozag
Hepliaklqana
Kikubaaqudgha
Sif Muna
Trog
Zin
The Shining One

Annotations:
D:5 Grinder, Sigmund


Innate Abilities, Weirdness & Mutations

You have a pair of horns on your head.
You reflexively headbutt those who attack you in melee.


Message History

You kill the howler monkey!
Trog accepts your kill.
There is an open door, spattered with blood here.
Things that are here:
a howler monkey corpse; a howler monkey corpse The gnoll hits you with a +0 halberd.
* * * LOW HITPOINT WARNING * * *
A gnoll comes into view. It is wielding a +0 spear.
Things that are here:
a hound corpse; a warg corpse You slash the gnoll!
The gnoll is severely wounded.
The gnoll closely misses you.
You closely miss the gnoll.
The gnoll is severely wounded.
You block the gnoll's attack.
You slash the gnoll!
You kill the gnoll!
Trog accepts your kill.
You barely miss the orc. Your headbutt misses the orc.
You block the orc's attack.
You closely miss the orc.
The orc hits you with a +1 dagger of venom.
* * * LOW HITPOINT WARNING * * *
You are poisoned.
You slash the orc!
You kill the orc!
Trog accepts your kill.
You feel sick.
As you read the scroll of teleportation, it crumbles to dust.
You feel strangely unstable.
You feel sick. You block the orc priest's attack.
The orc hits you but does no damage.
You slash the orc priest!
The orc priest is almost dead.
You feel sick.
The orc priest mumbles some strange prayers to Beogh against you.
Beogh smites you!
* * * LOW HITPOINT WARNING * * *
The orc hits you from afar with a +0 trident.
You die...

.....'..).'..))))..(..#.#
######....#######.....#.#
#######''##############)#
.................'....')#
.................'....'.#
.................######.#
.................#..:.#.#
#######''#########....#.#
......').'...goo@†....#)###
#####################'#)..#
#...# ##### ≈≈ ≈≈≈ ....
..... ######


You could see an orc priest, a gnoll and an orc.

Vanquished Creatures
  A centaur warrior (D:8)
  A two-headed ogre (D:8)
  Pikel (D:4)
  A manticore (D:7)
  A kobold demonologist (D:7)
  Eustachio (D:4)
  Menkaure (D:5)
  A warg (D:7)
  6 orc warriors
  3 black bears
  An ice beast (D:5)
  4 ogres (D:7)
  A centaur (D:8)
  A kobold brigand (D:7)
  3 bullfrogs
  Blork the orc (D:4)
  2 gnoll sergeants (D:7)
  A water moccasin zombie (D:5)
  A scorpion (D:5)
  14 wights (D:8)
  8 howler monkeys (D:7)
  A bullfrog zombie (D:7)
  A centaur zombie (D:8)
  5 hounds
  8 orc priests
  A bullfrog skeleton (D:5)
  A gnoll shaman (D:5)
  Crazy Yiuf (D:3)
  A centaur skeleton (D:5)
  Jessica (D:3)
  9 orc wizards
  A howler monkey skeleton (D:5)
  15 gnolls
  5 adders
  A white imp (D:4)
  A worm (D:3)
  A dart slug (D:2)
  13 orcs
  8 bats
  4 endoplasms
  10 goblins
  7 hobgoblins
  4 kobolds
  4 quokkas
  5 ball pythons
  4 frilled lizards
  4 rats
170 creatures vanquished.

Vanquished Creatures (others)
  8 plants
8 creatures vanquished.

Grand Total: 178 creatures vanquished

Notes
Turn   | Place    | Note
-------+----------+-------------------------------------------
     0 | D:1      | Sanktem7 the Minotaur Fighter began the quest for the Orb.
     0 | D:1      | Reached XP level 1. HP: 19/19 MP: 0/0
   107 | D:1      | Reached XP level 2. HP: 26/27 MP: 1/1
   439 | D:1      | Found a faded altar of an unknown god.
   756 | D:2      | Reached skill level 3 in Axes
   777 | D:2      | Reached XP level 3. HP: 33/33 MP: 2/2
   992 | D:2      | Reached XP level 4. HP: 15/41 MP: 3/3
  1281 | D:2      | Reached skill level 4 in Axes
  1789 | D:3      | Found a hazy altar of Hepliaklqana.
  1900 | D:3      | Found a runed translucent door.
  1901 | D:3      | Noticed Crazy Yiuf
  1922 | D:3      | Found a shimmering blue altar of Sif Muna.
  1928 | D:3      | Noticed Jessica
  1938 | D:3      | Killed Jessica
  2213 | D:3      | Reached XP level 5. HP: 42/47 MP: 4/4
  2838 | D:3      | Paralysed by Crazy Yiuf for 6 turns
  2844 | D:3      | Killed Crazy Yiuf
  3299 | D:4      | Reached skill level 5 in Axes
  3540 | D:4      | Noticed a black bear
  3547 | D:4      | Killed a black bear
  3548 | D:4      | Reached skill level 5 in Fighting
  3548 | D:4      | Reached skill level 5 in Armour
  3548 | D:4      | Reached skill level 1 in Dodging
  3548 | D:4      | Reached XP level 6. HP: 46/56 MP: 5/5
  3693 | D:4      | Noticed Eustachio
  3731 | D:4      | Killed Eustachio
  3732 | D:4      | Reached skill level 6 in Axes
  3850 | D:4      | Noticed Blork the orc
  3865 | D:4      | Killed Blork the orc
  4098 | D:4      | Noticed Pikel
  4112 | D:4      | Killed Pikel
  4113 | D:4      | Reached skill level 7 in Axes
  4113 | D:4      | Reached XP level 7. HP: 4/64 MP: 2/6
  4477 | D:5      | Entered Level 5 of the Dungeon
  4485 | D:5      | Noticed Menkaure
  4488 | D:5      | Reached XP level 8. HP: 70/71 MP: 7/7
  4493 | D:5      | Killed Menkaure
  4494 | D:5      | Reached skill level 8 in Axes
  4916 | D:5      | Found an opulent altar of Gozag.
  4918 | D:5      | Found a bloodstained altar of Trog.
  4920 | D:5      | Found a glowing golden altar of the Shining One.
  4983 | D:5      | Became a worshipper of Trog the Wrathful
  5198 | D:5      | Found an ancient bone altar of Kikubaaqudgha.
  5326 | D:5      | Noticed Grinder
  5329 | D:5      | Noticed Sigmund
  5332 | D:5      | You fall into a shaft and drop 3 floors!
  5343 | D:8      | Reached skill level 9 in Axes
  5512 | D:8      | Reached XP level 9. HP: 74/81 MP: 5/8
  5521 | D:8      | Reached skill level 10 in Axes
  5921 | D:8      | Noticed a two-headed ogre
  5927 | D:8      | Killed a two-headed ogre
  5928 | D:8      | Reached skill level 11 in Axes
  6143 | D:8      | Noticed a centaur warrior
  6153 | D:8      | Killed a centaur warrior
  6153 | D:8      | Reached * piety under Trog
  6154 | D:8      | Reached skill level 12 in Axes
  6364 | D:8      | Found a staircase to the Lair.
  6594 | D:8      | Found a glowing silver altar of Zin.
  6595 | D:8      | Found a snail-covered altar of Cheibriados.
  6824 | D:7      | Reached XP level 10. HP: 81/88 MP: 9/9
  6961 | D:7      | Noticed a sun demon
  7821 | D:7      | Reached ** piety under Trog
  7845 | D:7      | Noticed a manticore
  7850 | D:7      | Killed a manticore
  7851 | D:7      | Reached skill level 13 in Axes
  8152 | D:7      | Reached skill level 10 in Fighting
  8165 | D:7      | Reached skill level 10 in Armour
  8202 | D:7      | HP: 1/93 [orc priest/divine providence (9)]
  8202 | D:7      | Slain by an orc

Illustrated notes

Levels and vault maps discovered:
D:1:      nzn_arrival_settlement, layout_basic,
          chequers_ecumenical_altar_simple, palyth_stone_intersect
D:2:      minmay_thinvault, layout_rooms
D:3:      layout_loops_ring, nicolae_hepliaklqana_hazy_memory,
          nicolae_sif_muna_condensation, uniq_jessica, uniq_crazy_yiuf_cottage
D:4:      layout_basic, uniq_blork_the_orc, uniq_eustachio, uniq_pikel
D:5:      wander_river, layout_rooms, grunt_temple_overflow_open,
          mainiacjoe_overflow_alcove_2, uniq_menkaure, uniq_sigmund,
          uniq_grinder
D:7:      lemuel_castle_with_subvaults [lemuel_castle_interior_original],
          layout_loops_ring, serial_bayou_pond_d
D:8:      layout_cave_pools, gammafunk_temple_overflow_statue, lair_entry_dummy,
          chequers_serial_rivers_marsh

Skill      XL: |  1  2  3  4  5  6  7  8  9 10 |
---------------+-------------------------------+-----
Armour         | 4 5 6 7 9 10 | 10.1
Fighting       | 4 5 6 8 9 10 | 10.2
Axes           | 3 4 5 7 9 12 13 | 13.6
Dodging        | 1 2 3 |  3.2
Shields        | |  3.8

Action                   |  1- 3 |  4- 6 |  7- 9 | 10-12 || total
-------------------------+-------+-------+-------+-------++-------
Melee: War axe           |    61 |   121 |   129 |       ||   311
       Headbutt          |     3 |    17 |    37 |    32 ||    89
       Hand axe          |       |       |    15 |   151 ||   166
  Use: Scroll            |       |       |       |    10 ||    10
       Potion            |       |       |       |     4 ||     4
Armor: Scale mail        |    33 |    29 |       |       ||    62
       Chain mail        |       |    30 |    98 |    67 ||   195
Dodge: Dodged            |    36 |    59 |    80 |    49 ||   224
Block: Buckler           |    17 |    16 |    41 |    20 ||    94
